 Dungeon Crawl Stone Soup version 0.31-a0-1074-g0b22e4e0f1 (webtiles) character file.

Game seed: 9377492298437541013

132969 Armakuni the Pacifist (level 16, -8/134 HPs)
             Began as a Yellow Draconian Monk on Nov 26, 2023.
             Was an Elder of Elyvilon.
             Mangled by a tentacle (15 damage)
             ... attached to a kraken
             ... on level 1 of the Swamp.
             The game lasted 01:08:57 (21700 turns).

Armakuni the Pacifist (Yellow Draconian Monk)      Turns: 21700, Time: 01:08:57

Health: -8/134     AC: 16    Str: 15    XL:     16   Next: 58%
Magic:  17/27      EV: 18    Int: 17    God:    Elyvilon [****..]
Gold:   1375       SH:  0    Dex: 20    Spells: 9/15 levels left

rFire   . . .        a - +6 scimitar (flame)
rCold   . . .        D - orb {light}
rNeg    . . .        (body armour unavailable)
rPois   +            x - +2 hat
rElec   +            A - +1 cloak "Qopoesut" {rElec rPois Will+}
rCorr   +            t - +1 pair of gloves
SInv    .            d - +0 pair of boots
Will    ++...        R - amulet of regeneration
Stlth   +            L - ring of flight
HPRegen 1.22/turn    I - +6 ring of intelligence
MPRegen 0.20/turn

%: no passive effects
@: flying, glowing
A: spit acid, AC +9, unfitting armour, acidic bite, cold-blooded, acid
resistance
a: Breathe Acid, Renounce Religion, Purification, Heal Other, Heal Self


You were on level 1 of the Swamp.
You worshipped Elyvilon.
Elyvilon was greatly pleased with you.
You visited 6 branches of the dungeon, and saw 25 of its levels.
You also visited: Ossuary.

You collected 2485 gold pieces.
You spent 1110 gold pieces at shops.

Inventory:

Hand Weapons
 a - a +6 scimitar of flaming (weapon)
 b - a +0 quick blade of venom
Missiles
 m - 6 curare-tipped darts (quivered)
Armour
 d - a +0 pair of boots (worn)
 t - a +1 pair of gloves (worn)
 x - a +2 hat (worn)
 A - the +1 cloak "Qopoesut" (worn) {rElec rPois Will+}
   (You bought it in a shop on level 10 of the Dungeon)

   rElec:     It insulates you from electricity.
   rPois:     It protects you from poison Will+: It increases your willpower.
 D - an orb of light (worn)
Jewellery
 F - a ring of fire
 I - a +6 ring of intelligence (right hand)
 J - a ring of ice
 L - a ring of flight (left hand)
 P - a ring of poison resistance
 R - an amulet of regeneration (around neck)
 U - an amulet of faith
Talismans
 K - a granite talisman
Wands
 c - a wand of charming (8)
 l - a wand of light (3)
 r - a wand of roots (12)
 G - a wand of flame (12)
Scrolls
 e - 4 scrolls of noise
 h - 7 scrolls of teleportation
 j - 5 scrolls of vulnerability
 q - 9 scrolls of amnesia
 s - 2 scrolls of identify
 u - 2 scrolls of immolation
 v - 3 scrolls of enchant armour
 z - 3 scrolls of fog
 E - 2 scrolls of poison
Potions
 f - a potion of invisibility
 g - a potion of enlightenment
 i - 2 potions of haste
 k - 3 potions of ambrosia
 n - 5 potions of lignification
 o - a potion of heal wounds
 p - 4 potions of might
 w - 2 potions of cancellation
 y - 9 potions of curing
 B - a potion of magic
 C - a potion of resistance
 H - a potion of brilliance
 X - 4 potions of mutation


   Skills:
 - Level 10.0 Fighting
 - Level 14.0 Long Blades
 - Level 11.0 Polearms
 - Level 9.1 Dodging
 - Level 15.0 Invocations
 - Level 5.0 Evocations
 + Level 13.0 Shapeshifting


You had 9 spell levels left.
You knew the following spells:

 Your Spells              Type           Power      Damage    Failure   Level
v - Vhi's Electric Charg  Tloc/Air       0%         N/A       93%         4
w - Wereblood             Tmut           0%         N/A       34%         2

Your spell library contained the following spells:

 Spells                   Type           Power      Damage    Failure   Level
 Freeze                   Ice            0%         1d3       24%         1
 Cigotuvi's Dreadful Rot  Necr/Pois/Air  0%         N/A       34%         2
 Ensorcelled Hibernation  Hex/Ice        0%         N/A       34%         2
 Jinxbite                 Hex            0%         N/A       34%         2
 Sublimation of Blood     Necr           0%         N/A       34%         2
 Dazzling Flash           Conj/Hex       0%         N/A       56%         3
 Frozen Ramparts          Ice            0%         1d1       56%         3
 Hailstorm                Conj/Ice       0%         3d3       56%         3
 Ozocubu's Armour         Ice            0%         N/A       56%         3
 Anguish                  Hex/Necr       0%         N/A       93%         4
 Cause Fear               Hex            0%         N/A       93%         4
 Dispel Undead            Necr           0%         3d6       93%         4
 Passage of Golubria      Tloc           0%         N/A       93%         4
 Petrify                  Tmut/Erth      0%         N/A       93%         4
 Summon Ice Beast         Ice/Summ       0%         N/A       93%         4
 Summon Lightning Spire   Summ/Air       0%         N/A       93%         4
 Agony                    Necr           0%         N/A       100%        5
 Arcjolt                  Conj/Air       0%         1d10      100%        5
 Fireball                 Conj/Fire      0%         3d3       100%        5
 Irradiate                Conj/Tmut      0%         3d11      100%        5
 Lee's Rapid Deconstruct  Erth           0%         3d4*      100%        5
 Silence                  Hex/Air        0%         N/A       100%        5
 Death Channel            Necr           0%         N/A       100%        6
 Plasma Beam              Fire/Air       0%         2x1d10    100%        6
 Simulacrum               Ice/Necr       0%         N/A       100%        6
 Ozocubu's Refrigeration  Ice            0%         4d7       100%        7
 Summon Hydra             Summ           0%         N/A       100%        7
 Lehudib's Crystal Spear  Conj/Erth      0%         10d2      100%        8
 Dragon's Call            Summ           0%         N/A       100%        9
 Animate Armour           Summ/Erth      Unusable   N/A       N/A         4

Dungeon Overview and Level Annotations

Branches:
Dungeon (15/15)            Temple (1/1) D:6            Lair (5/5) D:8
  Swamp (1/4) Lair:3       Spider (1/4) Lair:3        Slime (0/5) Lair:5
    Orc (2/2) D:12            Elf (0/3) Orc:2        Vaults (0/5) D:13
 Depths (0/4) D:15        Ossuary (visited)

Altars:
Ashenzari
Cheibriados
Dithmenos
Elyvilon
Fedhas
Gozag
Hepliaklqana
Kikubaaqudgha
Makhleb
Nemelex Xobeh
Okawaru
Qazlal
Ru
Sif Muna
Trog
Uskayaw
Vehumet
Wu Jian
Xom
Yredelemnul
Zin
The Shining One
Jiyva

Shops:
D:3 ?   D:7 :   D:10 [   Orc:2 =?(!

Annotations:
D:12 4 runed translucent doors
Lair:5 exclusion: oklob plant


Innate Abilities, Weirdness & Mutations

You can spit globs of acid.
Your golden yellow scales are hard. (AC +9)
You cannot fit into any form of body armour.
You have acidic saliva.
You are cold-blooded and may be slowed by cold attacks.
You are resistant to acid. (rCorr)


Message History

The tentacle misses you. The tentacle closely misses you.
Press: ? - help, Dir - move target, f/p - kraken Heal: a kraken (water, haloed, chance to pacify: 50%)
The light of Elyvilon fails to reach the kraken.
The tentacle misses you. The tentacle slaps you.
The tentacle slaps you but does no damage.
The tentacle slaps you. The tentacle barely misses you.
The tentacle barely misses you.
The tentacle slaps you but does no damage.
The tentacle slaps you. The tentacle slaps you! The tentacle barely misses you.
The tentacle slaps you!
Press: ? - help, Dir - move target, f/p - kraken Heal: a kraken (water, haloed, chance to pacify: 50%)
The light of Elyvilon fails to reach the kraken.
The tentacle slaps you!
The tentacle slaps you but does no damage.
The tentacle slaps you!! The tentacle barely misses you.
The tentacle slaps you!
* * * LOW HITPOINT WARNING * * *
The tentacle barely misses you.
The tentacle barely misses you. x2; The tentacle slaps you!!
* * * LOW HITPOINT WARNING * * *
The tentacle slaps you.
* * * LOW HITPOINT WARNING * * *
You are healed.
The tentacle barely misses you. The tentacle slaps you!
* * * LOW HITPOINT WARNING * * *
The tentacle slaps you!
* * * LOW HITPOINT WARNING * * *
The tentacle closely misses you. The tentacle slaps you.
* * * LOW HITPOINT WARNING * * *
The tentacle misses you.
Okay, then.
Unknown command.
Press: ? - help, Dir - move target, f/p - kraken Heal: a kraken (water, chance to pacify: 50%)
The light of Elyvilon fails to reach the kraken.
The tentacle closely misses you. The tentacle slaps you!
Elyvilon protects you from harm! The tentacle closely misses you.
The tentacle slaps you!
You die...

♣..≈♣D ≈♣♣.. ♣..≈D♣
≈≈≈.. ♣.─X♣♣≈♣..~
♣~~~~§§~....♣♣♣~♣~.♣
..~~~~~~~....♣♣♣~§~♣
...~~~~~~~...♣ ~~.~


You could see a kraken, a swamp dragon and 4 tentacles.

Vanquished Creatures
  Frances (D:13)
  An orc warlord (Orc:1)
  An eleionoma (Swamp:1)
  An ettin (Orc:1)
  A fire dragon (Lair:5)
  Josephine (Orc:2)
  A vault guard (D:13)
  An ice dragon (Lair:2)
  A great orb of eyes (D:15)
  6 hydras
  A catoblepas (Lair:5)
  5 boulder beetles
  5 two-headed ogres
  Erica (D:8)
  6 death yaks (Lair:3)
  2 centaur warriors
  A tengu warrior (D:15)
  2 orc high priests (Orc:2)
  A shock serpent (shapeshifter) (D:15)
  Sonja (Lair:4)
  7 skeletal warriors (D:15)
  A skyshark (Lair:1)
  An orb spider (Lair:3)
  2 lindwurms (Lair:5)
  An oklob plant (Lair:5)
  5 orc knights
  3 ugly things
  5 deep elf pyromancers
  2 wolf spiders
  5 orc sorcerers (Orc:2)
  3 manticores
  4 cyclopes
  23 elephants
  A black mamba (shapeshifter) (D:14)
  3 black mambas
  An ice statue (Lair:2)
  Joseph (D:8)
  A torpor snail (Lair:5)
  3 molten gargoyles (Lair:5)
  4 gargoyles
  8 cane toads
  An unseen horror (D:11)
  A yaktaur (D:14)
  An efreet (D:15)
  15 komodo dragons
  6 rime drakes
  2 tengu conjurers
  A kobold demonologist (D:10)
  7 trolls
  4 polar bears
  A hornet (D:8)
  13 blink frogs
  3 slime creatures (D:13)
  2 shadows
  6 wyverns
  10 wraiths
  62 yaks
  14 vampire mosquitoes
  5 basilisks
  4 steam dragons
  A redback (Lair:3)
  3 wargs
  14 water moccasins
  An acid dragon (D:9)
  Duvessa (D:6)
  4 hell hounds (Lair:5)
  29 orc warriors
  A sky beast (D:7)
  6 ice beasts (Lair:2)
  5 ogres
  20 wolves
  2 centaurs
  A phantom (D:5)
  3 kobold brigands
  An elf zombie (Ossuary)
  5 bullfrogs
  2 scorpions (D:5)
  A gnoll sergeant (D:11)
  5 wights (D:9)
  Dowan (D:6)
  12 killer bees
  3 electric eels
  2 howler monkeys (D:11)
  5 lava snakes (Lair:5)
  A human zombie (Ossuary)
  3 jellies
  6 hounds
  2 gnoll boudas (D:7)
  17 orc priests
  2 iguanas
  A sleepcap (D:6)
  33 orc wizards
  11 hell rats
  2 mummies (Ossuary)
  Robin (D:3)
  9 adders
  17 gnolls
  A shadow imp (D:7)
  5 white imps
  An adder zombie (Ossuary)
  A worm (D:2)
  4 dart slugs
  89 orcs
  7 ball pythons
  4 bats
  2 endoplasms
  3 giant cockroaches
  11 goblins
  9 hobgoblins
  8 jackals
  19 kobolds
  3 quokkas
  2 frilled lizards (D:2)
  3 goblin zombies (Ossuary)
  10 hobgoblin zombies (Ossuary)
  2 jackal zombies (Ossuary)
  10 kobold zombies (Ossuary)
  9 orc zombies (Ossuary)
  9 rats
727 creatures vanquished.

Vanquished Creatures (others)
  A hydra (Lair:5)
  A skeletal warrior (D:15)
  A komodo dragon (Lair:5)
  A wyvern (Lair:5)
  2 yaks (Lair:1)
  A steam dragon (Lair:5)
  3 wolves (Lair:1)
  An orc wizard (Orc:2)
  4 orcs
15 creatures vanquished.

Grand Total: 742 creatures vanquished

Notes
Turn   | Place    | Note
-------+----------+-------------------------------------------
     0 | D:1      | Armakuni the Draconian Monk began the quest for the Orb.
     0 | D:1      | Reached XP level 1. HP: 19/19 MP: 1/1
   153 | D:1      | Reached XP level 2. HP: 26/26 MP: 2/2
   677 | D:1      | Reached XP level 3. HP: 31/31 MP: 3/3
  1190 | D:2      | Reached XP level 4. HP: 30/38 MP: 4/4
  1285 | D:2      | Reached skill level 1 in Evocations
  1426 | D:2      | Reached skill level 5 in Polearms
  2055 | D:3      | Noticed Robin
  2073 | D:3      | Killed Robin
  2074 | D:3      | Reached XP level 5. HP: 40/45 MP: 5/5
  2306 | D:3      | Found Canolun's Magic Scroll Boutique.
  2315 | D:3      | Bought a scroll of teleportation for 33 gold pieces
  2315 | D:3      | Bought a scroll of identify for 22 gold pieces
  2315 | D:3      | Bought a scroll of identify for 22 gold pieces
  2315 | D:3      | Bought a scroll of identify for 22 gold pieces
  2644 | D:4      | Reached XP level 6. HP: 45/51 MP: 6/6
  2985 | D:4      | Identified the +1 dagger "Zucu Ficypte" {venom, Str+2}
  3078 | D:4      | Found a radiant altar of Vehumet.
  3409 | D:5      | Entered Level 5 of the Dungeon
  3411 | D:5      | Noticed a water moccasin
  3419 | D:5      | Killed a water moccasin
  3506 | D:5      | Your scales start taking on a golden yellow colour.
  3506 | D:5      | Reached XP level 7. HP: 57/57 MP: 7/7
  3506 | D:5      | Gained mutation: You are resistant to acid. (rCorr) [Yellow
                  | Draconian growth]
  3530 | D:5      | Found a snail-covered altar of Cheibriados.
  3635 | D:5      | Reached skill level 5 in Evocations
  4122 | D:6      | Reached XP level 8. HP: 52/63 MP: 8/8
  4501 | D:6      | Noticed Duvessa
  4529 | D:6      | Killed Duvessa
  4552 | D:6      | Noticed Dowan
  4558 | D:6      | Killed Dowan
  4638 | D:6      | Found a staircase to the Ecumenical Temple.
  4744 | Temple   | Entered the Ecumenical Temple
  4958 | D:6      | Found a hazy altar of Hepliaklqana.
  5049 | D:6      | Reached skill level 10 in Polearms
  5506 | D:7      | Reached XP level 9. HP: 61/70 MP: 9/9
  5597 | D:7      | Found Lutzist's Book Emporium.
  5652 | D:7      | Found a sacrificial altar of Ru.
  5824 | D:7      | Reached skill level 5 in Fighting
  6079 | D:7      | Found a glowing golden altar of the Shining One.
  6334 | D:8      | Found a sand-covered staircase.
  6344 | D:8      | Identified the +4 chain mail of Zin's Supremacy {-Cast rN+
                  | Dex+3 Slay+3}
  6349 | Ossuary  | Entered an ossuary
  6604 | D:8      | Noticed Joseph
  6615 | D:8      | Killed Joseph
  6775 | D:8      | Found a staircase to the Lair.
  6781 | D:8      | Noticed a troll
  6826 | D:8      | Killed a troll
  7052 | D:8      | Found a broken altar of Ashenzari.
  7115 | D:8      | Reached XP level 10. HP: 83/93 MP: 10/10
  7117 | D:8      | Reached skill level 10 in Fighting
  7304 | D:8      | Noticed Erica
  7310 | D:8      | Killed Erica
  7462 | D:9      | Reached skill level 1 in Long Blades
  7536 | D:9      | Noticed a two-headed ogre
  7546 | D:9      | Killed a two-headed ogre
  7699 | D:9      | Reached skill level 5 in Long Blades
  8152 | D:9      | Found a white marble altar of Elyvilon.
  8158 | D:9      | Reached XP level 11. HP: 85/99 MP: 11/11
  8162 | D:9      | Became a worshipper of Elyvilon the Healer
  8162 | D:9      | Reached * piety under Elyvilon
  8162 | D:9      | Reached ** piety under Elyvilon
  8226 | D:9      | Found a stormy altar of Qazlal.
  8425 | Lair:1   | Entered Level 1 of the Lair of Beasts
  8442 | Lair:1   | Reached skill level 1 in Invocations
  8516 | Lair:1   | Reached skill level 2 in Invocations
  8581 | Lair:1   | Noticed a skyshark
  8597 | Lair:1   | Killed a skyshark
  8598 | Lair:1   | Reached skill level 3 in Invocations
  8632 | Lair:1   | Reached skill level 4 in Invocations
  8823 | Lair:1   | Reached skill level 5 in Invocations
  9415 | Lair:2   | Reached skill level 6 in Invocations
  9437 | Lair:2   | Reached skill level 10 in Long Blades
  9458 | Lair:2   | Reached skill level 7 in Invocations
  9558 | Lair:2   | Reached *** piety under Elyvilon
  9698 | Lair:2   | Noticed an ice dragon
  9761 | Lair:2   | Noticed a four-headed hydra
  9768 | Lair:2   | Killed a one-headed hydra
  9786 | Lair:2   | Reached XP level 12. HP: 106/106 MP: 17/17
  9903 | Lair:2   | Reached skill level 8 in Invocations
 10139 | Lair:2   | Killed an ice dragon
 10315 | Lair:3   | Reached skill level 9 in Invocations
 10353 | Lair:3   | Noticed a death yak
 10353 | Lair:3   | Noticed a death yak
 10354 | Lair:3   | Noticed a death yak
 10354 | Lair:3   | Noticed a death yak
 10477 | Lair:3   | Learned a level 2 spell: Wereblood
 10543 | Lair:3   | Found a hole to the Spider Nest.
 10586 | Lair:3   | Reached **** piety under Elyvilon
 10587 | Lair:3   | Noticed a death yak
 10587 | Lair:3   | Noticed a death yak
 10600 | Lair:3   | Killed a death yak
 10602 | Lair:3   | Killed a death yak
 10606 | Lair:3   | Reached skill level 10 in Invocations
 10606 | Lair:3   | Killed a death yak
 10606 | Lair:3   | Killed a death yak
 10610 | Lair:3   | Killed a death yak
 10617 | Lair:3   | Killed a death yak
 10696 | Lair:3   | Found a staircase to the Swamp.
 10723 | Lair:3   | Reached skill level 11 in Invocations
 10824 | Lair:3   | Reached XP level 13. HP: 44/113 MP: 21/21
 11529 | Lair:4   | Reached skill level 12 in Invocations
 11867 | Lair:4   | Noticed Sonja
 11877 | Lair:4   | Killed Sonja
 12449 | Lair:5   | Entered Level 5 of the Lair of Beasts
 12600 | Lair:5   | Found a viscous altar of Jiyva.
 12704 | Lair:5   | Reached skill level 13 in Invocations
 13004 | Lair:5   | Reached skill level 14 in Invocations
 13252 | Lair:5   | Reached skill level 5 in Dodging
 13278 | Lair:5   | Gained mutation: You have acidic saliva. [Yellow Draconian
                  | growth]
 13278 | Lair:5   | Reached XP level 14. HP: 80/121 MP: 18/25
 13441 | Lair:5   | Reached skill level 15 in Invocations
 13642 | Lair:5   | Found a large runed translucent door.
 13642 | Lair:5   | Found a large runed translucent door.
 14453 | Lair:5   | Found a staircase to the Slime Pits.
 14481 | Lair:5   | HP: 1/121 [oklob plant/splash of acid (15)]
 14732 | D:10     | Entered Level 10 of the Dungeon
 14819 | D:10     | Found a shadowy altar of Dithmenos.
 15138 | D:10     | Found Jaxufe's Armour Boutique.
 15146 | D:10     | Bought the +1 cloak "Qopoesut" {rElec rPois Will+} for 499
                  | gold pieces
 15540 | D:11     | Reached skill level 1 in Shapeshifting
 15878 | D:12     | Found a runed translucent door.
 15885 | D:12     | Found a runed translucent door.
 15885 | D:12     | Found the +5 Storm Queen's Shield {shock, Fly rElec}
 15885 | D:12     | Noticed a storm dragon
 15908 | D:12     | Found a runed translucent door.
 16142 | D:12     | Reached ***** piety under Elyvilon
 16170 | D:12     | Found a staircase to the Orcish Mines.
 16301 | D:12     | Found a runed translucent door.
 16524 | D:12     | Reached XP level 15. HP: 126/126 MP: 26/26
 16609 | Orc:1    | Entered Level 1 of the Orcish Mines
 16927 | Orc:2    | Entered Level 2 of the Orcish Mines
 16927 | Orc:2    | Noticed Josephine
 17109 | Orc:2    | Killed Josephine
 17227 | Orc:2    | Found a staircase to the Elven Halls.
 17909 | Orc:2    | Reached XP level 16. HP: 127/134 MP: 27/27
 18003 | Orc:2    | Found Xamiuf's Distillery.
 18003 | Orc:2    | Found Nothueh's Weapon Boutique.
 18022 | Orc:2    | Found Wirrurr's Magic Scroll Emporium.
 18022 | Orc:2    | Found Yhuanoe's Jewellery Emporium.
 18029 | Orc:2    | Bought a potion of heal wounds for 65 gold pieces
 18257 | Orc:2    | Bought a scroll of immolation for 56 gold pieces
 18257 | Orc:2    | Bought a scroll of enchant armour for 105 gold pieces
 18259 | Orc:2    | Bought a potion of curing for 39 gold pieces
 18259 | Orc:2    | Bought a potion of curing for 39 gold pieces
 18259 | Orc:2    | Bought 2 potions of mutation for 208 gold pieces
 18422 | D:13     | Reached skill level 10 in Shapeshifting
 18478 | D:13     | Learned a level 4 spell: Vhi's Electric Charge
 18626 | D:13     | Noticed Frances
 18648 | D:13     | Killed Frances
 18735 | D:13     | Found a gate to the Vaults.
 20194 | D:15     | Entered Level 15 of the Dungeon
 20995 | D:15     | Found a staircase to the Depths.
 21482 | Spider:1 | Entered Level 1 of the Spider Nest
 21612 | Swamp:1  | Entered Level 1 of the Swamp
 21688 | Swamp:1  | Noticed a kraken
 21699 | Swamp:1  | HP: 6/134 [tentacle[a kraken] (2)]
 21700 | Swamp:1  | Elyvilon protects you from harm!
 21700 | Swamp:1  | Mangled by a tentacle

Illustrated notes

Levels and vault maps discovered:
D:1:      saegor_arrival_simple_b, layout_loops_corners, st_stairs_8
D:2:      layout_basic, minmay_quantized
D:3:      layout_basic, serial_shops, shop, grunt_ministairs_14, uniq_robin
D:4:      layout_basic, vehumet_crystals
D:5:      layout_loops_ring, kennysheep_slug_shrine, minmay_misc_feat_nine_boxes
D:6:      layout_layer_cave, lemuel_crystal_altar, temple_pool_b, uniq_duvessa
D:7:      layout_loops_ring, mainiacjoe_overflow_concentric_impassable,
          mainiacjoe_overflow_alcove_2, serial_shops,
          nicolae_book_shop_shelving, minmay_starry_boxes
D:8:      layout_basic, kennysheep_little_box, erik_lair_island,
          enter_ossuary_1, uniq_joseph, uniq_erica
D:9:      layout_loops_ring, mainiacjoe_overflow_small_starburst,
          kennysheep_mini_moat, st_stairs_13, serial_bayou_lagoon_b
D:10:     layout_roguey, lemuel_tele_altar, serial_shops, nicolae_stop_n_shop_1
D:11:     layout_rooms, dk_noncrumbling_3, blue_anna_alchemist
D:12:     layout_cave_pools, hiddenorc1_lemuel, hangedman_decor_clover_reticule,
          nicolae_guarded_unrand_storm_shield
D:13:     layout_basic, david_vaults_5, uniq_frances
D:14:     layout_irregular_city, kennysheep_nub
D:15:     hangedman_depths_entry_try_elsewhere_first, layout_irregular_city
Temple:   oiseaux_autumnal_temple
Lair:1:   layout_gridlike
Lair:2:   layout_cave_pods, ice2_lemuel
Lair:3:   layout_cave_pods, minmay_swamp_entry_swarm,
          nicolae_spider_entry_orb_guardian, infiniplex_staircase_pool,
          lemuel_fruit_tree
Lair:4:   layout_roguey, grunt_forest_small_clearings, grunt_megastairs_4,
          uniq_sonja
Lair:5:   cheibrodos_lair_end_hotspot, layout_cave_pods,
          minmay_slime_entry_oklob_enclosed, st_stairs_5
Swamp:1:  nicolae_swamp_flooded_prison, layout_basic_swamp,
          nicolae_swamp_small_spring, swamp_pool_1_2,
          nicolae_swamp_thats_no_hydra
Spider:1: layout_spider_delve, nicolae_crawler_farm
Orc:1:    layout_caves, mines2_david
Orc:2:    st_orc_elflike, layout_diamond_mine, uniq_josephine

Skill      XL: |  1  2  3  4  5  6  7  8  9 10 11 12 13 14 15 16 |
---------------+-------------------------------------------------+-----
Polearms       | 4 5 6 8 11 | 11.0
Evocations     | 2 3 4 5 |  5.0
Fighting       | 9 10 | 10.0
Dodging        | 4 5 9 |  9.1
Long Blades    | 7 10 12 14 | 14.0
Invocations    | 7 11 14 15 | 15.0
Shapeshifting  | 7 9 13 | 13.0

Action                     |  1- 3 |  4- 6 |  7- 9 | 10-12 | 13-15 | 16-18 || total
---------------------------+-------+-------+-------+-------+-------+-------++-------
  Melee: Spear             |    89 |   227 |   143 |       |       |       ||   459
         Tailslap          |    10 |    47 |    96 |    90 |   212 |    72 ||   527
         Dagger            |       |    14 |       |       |       |       ||    14
         Short sword       |       |     3 |    42 |       |       |       ||    45
         Trident           |       |       |   284 |    11 |       |       ||   295
         Halberd           |       |       |     7 |       |       |       ||     7
         Scimitar          |       |       |       |   402 |   956 |   271 ||  1629
         Bite              |       |       |       |       |   110 |    47 ||   157
  Throw: Dart              |       |       |       |       |     4 |     5 ||     9
         Throwing net      |       |       |       |       |     1 |       ||     1
 Invoke: Heal Other        |       |       |       |     5 |     5 |    14 ||    24
         Heal Self         |       |       |       |     2 |    20 |     3 ||    25
         Purification      |       |       |       |       |     6 |       ||     6
Ability: Breathe Acid      |       |       |    24 |    36 |    26 |     8 ||    94
  Evoke: Wand              |       |     9 |    20 |    25 |     5 |     2 ||    61
    Use: Scroll            |     2 |     8 |     5 |     9 |    11 |     1 ||    36
         Potion            |       |     1 |     2 |     2 |     7 |       ||    12
   Stab: Petrified         |       |       |       |       |     2 |       ||     2
         Held in net/web   |       |       |       |       |     3 |       ||     3
         Invisible         |       |       |       |       |       |     1 ||     1
 Armour: Skin              |    37 |    93 |   243 |   349 |   612 |   205 ||  1539
  Dodge: Dodged            |    43 |    88 |   230 |   281 |   658 |   195 ||  1495

Table legend: (Time is in decaauts)
 A = Elapsed time spent in this place.
 B = Non-inter-level travel time spent in this place.
 C = Inter-level travel time spent in this place.
 D = Time resting spent in this place.
 E = Time spent auto-exploring this place.
 F = Levels seen in this place.
 G = Mean time per level.
                   A        B        C        D        E       F      G
               +--------+--------+--------+--------+--------+-----+--------+
         Total |  21272 |  19987 |   1285 |   1852 |  12772 |  26 |  818.2 |
       Dungeon |  12974 |  12232 |    742 |    907 |   8352 |  15 |  864.9 |
        Temple |      1 |      1 |      0 |      0 |      0 |   1 |    1.0 |
          Lair |   6253 |   5874 |    379 |    702 |   3510 |   5 | 1250.6 |
         Swamp |     83 |     83 |      0 |     16 |     27 |   1 |   83.0 |
   Spider Nest |     10 |     10 |      0 |      0 |      0 |   1 |   10.0 |
  Orcish Mines |   1722 |   1561 |    161 |    227 |    797 |   2 |  861.0 |
       Ossuary |    226 |    226 |      0 |      0 |     86 |   1 |  226.0 |
               +--------+--------+--------+--------+--------+-----+--------+

Top non-repeatable levels by time:
  Lair:5: 2056 daAuts
  Lair:3: 1213 daAuts
     D:6: 1190 daAuts
    D:15: 1084 daAuts
     D:9: 1083 daAuts
  Lair:4: 1079 daAuts
    D:13: 1056 daAuts
     D:2: 1029 daAuts
  Lair:2: 975 daAuts
     D:8: 948 daAuts
     D:7: 942 daAuts
  Lair:1: 928 daAuts
     D:1: 906 daAuts
   Orc:2: 886 daAuts
    D:12: 880 daAuts
